 Dungeon Crawl Stone Soup version 0.30-a0-847-g17996783a1 (webtiles) character file.

Game seed: 12709571580901148316

3033 ragingrage the Cutter (level 9, -4/63 HPs)
             Began as a Demonspawn Delver on Mar 4, 2023.
             Was a Believer of Ashenzari.
             Slain by a two-headed ogre
             ... wielding a +0 giant club
              (13 damage)
             ... on level 9 of the Dungeon.
             The game lasted 00:13:08 (9213 turns).

ragingrage the Cutter (Demonspawn Delver)           Turns: 9213, Time: 00:13:08

Health: -4/63      AC:  8    Str: 12    XL:     9   Next: 56%
Magic:  7/13       EV: 12    Int: 14    God:    Ashenzari [**....]
Gold:   206        SH:  5    Dex: 23    Spells: 4/14 levels left

rFire   . . .      SeeInvis +    b - +2 quick blade (venom)
rCold   + . .      Faith    .    I - +0 buckler of Ashenzari's Sybil {Melee, Elem} (curse)
rNeg    . . .      Spirit   .    l - +2 leather armour of Ashenzari's Chagrin {rPois, Elem, Comp} (curse)
rPois   +          Reflect  .    (no helmet)
rElec   .          Rampage  .    (no cloak)
rCorr   .                        i - +0 pair of gloves "Per Aspera Ad Scientiam" {Bglg, Range} (curse)
Will    .....                    (no boots)
Stlth   +++                      e - amulet of regeneration
HPRegen 1.10/turn                r - ring of protection from cold
MPRegen 0.13/turn                C - ring "Visionary Awkwardness" {Dex+6, Bglg, Alch} (curse)

@: no status effects
A: foul stench 2, sharp scales 2, demonic magic 3
a: Renounce Religion, Shatter the Chains


You were on level 9 of the Dungeon.
You worshipped Ashenzari.
Ashenzari was pleased with you.
You visited 2 branches of the dungeon, and saw 10 of its levels.

You collected 456 gold pieces.
You spent 250 gold pieces at shops.

Inventory:

Hand Weapons
 b - a +2 quick blade of venom (weapon)
Missiles
 B - a throwing net (quivered)
 F - 26 poisoned darts
 G - 8 curare-tipped darts
Armour
 i - the cursed +0 pair of gloves "Per Aspera Ad Scientiam" (worn) {Bglg, Range}
   (You found it on level 2 of the Dungeon)

   It has a curse which improves the following skills: Beguiling: Conjurations,
   Hexes and Translocations.
   Ranged Combat: Ranged Weapons and Throwing.
 l - the cursed +2 leather armour of Ashenzari's Chagrin (worn) {rPois, Elem, Comp}
   (You took it off an orc on level 5 of the Dungeon)

   It has a curse which improves the following skills: Elements: Fire Magic, Ice
   Magic, Air Magic and Earth Magic.
   Companions: Summonings and Necromancy.
 y - a +2 ring mail of positive energy
 D - a scarf of invisibility
 I - the cursed +0 buckler of Ashenzari's Sybil (worn) {Melee, Elem}
   (You found it on level 7 of the Dungeon)

   It has a curse which improves the following skills: Melee Combat: Short
   Blades, Long Blades, Axes, Maces & Flails, Polearms, Staves and Unarmed
   Combat.
   Elements:  Fire Magic, Ice Magic, Air Magic and Earth Magic.
Jewellery
 e - an amulet of regeneration (around neck)
 r - a ring of protection from cold (left hand)
 u - a ring of poison resistance
 C - the cursed ring "Visionary Awkwardness" (right hand) {Dex+6, Bglg, Alch}
   (You found it on level 5 of the Dungeon)

   [ring of dexterity]

   Dex:       It affects your dexterity (+6).
   It has a curse which improves the following skills: Beguiling: Conjurations,
   Hexes and Translocations.
   Alchemy:   Poison Magic and Transmutations.
Wands
 g - a wand of digging (3)
 E - a wand of flame (12)
 J - a wand of polymorph (9)
Scrolls
 c - 2 scrolls of fog
 d - a scroll of magic mapping
 h - a scroll of amnesia
 k - a scroll of brand weapon
 m - 3 scrolls of enchant armour
 o - 2 scrolls of immolation
 q - a scroll of noise
 s - 3 scrolls of blinking
 w - 5 scrolls of teleportation
 x - 4 scrolls of fear
 A - 2 scrolls of vulnerability
 H - a scroll of enchant weapon
Potions
 a - a potion of ambrosia
 f - 2 potions of haste
 j - 3 potions of heal wounds
 n - 3 potions of might
 p - 2 potions of brilliance
 t - a potion of flight
 v - 3 potions of lignification
 z - a potion of magic
 K - a potion of invisibility


   Skills:
 - Level 3.1 Fighting
 + Level 7.7(9.2) Short Blades
 - Level 2.9(6.3) Long Blades
 - Level 2.0 Dodging
 - Level 5.0 Stealth
 - Level 2.0 Shields
 - Level 3.0 Spellcasting
 + Level 6.1(8.0) Conjurations
 - Level 1.8(3.2) Translocations
 + Level 4.8(6.6) Air Magic


You had 4 spell levels left.
You knew the following spells:

 Your Spells              Type           Power      Damage    Failure   Level
a - Static Discharge      Conj/Air       44%        2-4/arc   2%          2
b - Vhi's Electric Charg  Tloc/Air       30%        N/A       14%         3
c - Arcjolt               Conj/Air       11%        1d21      45%         5

Your spell library contained the following spells:

 Spells                   Type           Power      Damage    Failure   Level
 Lightning Bolt           Conj/Air       11%        1d24      45%         5


Dungeon Overview and Level Annotations

Branches:
Dungeon (9/15)             Temple (1/1) D:5            Lair (0/5) D:8
    Orc: D:9-12

Altars:
Ashenzari
Makhleb
Okawaru
Uskayaw
Xom
Yredelemnul

Shops:
D:2 !   D:4 *=!   D:9 !

Annotations:
D:5 Eustachio
D:6 Grinder
D:7 1 runed translucent door, Crazy Yiuf, Prince Ribbit


Innate Abilities, Weirdness & Mutations

You sometimes emit foul miasma when damaged in melee.
You are mostly covered in razor-sharp scales. (AC +2, Slay +2)
Spells you cast and wands you use may paralyse nearby enemies.


Message History

Your Spellcasting skill increases to level 3!
You see here a water moccasin corpse.
There is a stone staircase leading up here.
You start resting.
Your magical contamination has completely faded away.
There is an entrance to Xachie's Distillery here.
K - a potion of invisibility Thank you for shopping at Xachie's Distillery!
The acid dragon roars!
You hear a shout!
You now have 206 gold pieces (gained 13).
A centaur comes into view.
You see here a scroll of poison.
A centaur is nearby!
A centaur is nearby!
A centaur is nearby!
No reachable target in view!
A two-headed ogre comes into view.
It is wielding a +0 giant spiked club and a +0 giant club.
The centaur shouts!
Casting: Static Discharge (safe; 2% risk of failure)
The two-headed ogre is struck by an arc of lightning.
You are struck by an arc of lightning.
The lightning grounds out.
Malevolent energies surge around you.
The centaur suddenly stops moving!
The two-headed ogre misses you. The two-headed ogre barely misses you.
Casting: Static Discharge (safe; 2% risk of failure)
The two-headed ogre is struck by an arc of lightning.
You are struck by an arc of lightning.
The lightning grounds out.
Malevolent energies surge around you.
Casting: Static Discharge (safe; 2% risk of failure)
The two-headed ogre is struck by an arc of lightning.
You are struck by an arc of lightning.
The two-headed ogre is struck by an arc of lightning.
You are struck by an arc of lightning.
The lightning grounds out.
Malevolent energies surge around you.
The two-headed ogre hits you with a +0 giant club!!
The two-headed ogre hits you with a +0 giant spiked club!!
* * * LOW HITPOINT WARNING * * *
An orc comes into view. It is wielding a +0 flail.
The two-headed ogre attacks as you move away!
The two-headed ogre hits you with a +0 giant club!
You die...

##.##.D## ..)##.....#
...##....o...##.....#
...##.....O..##.....#
...##!.##...W##.....#
...###..######......#
....##O.$####...##c.#
....###$c.....D###.##
.....####[..?####O.#
......##########@.##
........######...##
####........)...##
###.?........#
############


You could see 2 two-headed ogres, an acid dragon, a shadow, a centaur
(paralysed) and an orc (wandering).

Vanquished Creatures
  A troll (D:9)
  A shadow (D:6)
  A wyvern (D:4)
  2 yaks (D:8)
  A water moccasin (D:9)
  2 sky beasts (D:7)
  An orc warrior (D:8)
  2 ogres
  A centaur (D:6)
  A phantom (D:5)
  3 kobold brigands
  4 bullfrogs
  3 scorpions
  A howler monkey (D:6)
  A jelly (D:7)
  3 hounds
  5 orc priests
  4 iguanas
  A sleepcap (D:7)
  Ijyb (D:4)
  5 orc wizards
  8 gnolls
  9 adders
  4 white imps
  An ufetubus (D:6)
  A worm (D:3)
  3 dart slugs
  21 orcs
  6 ball pythons
  3 endoplasms
  A giant cockroach (D:1)
  5 goblins
  4 hobgoblins
  2 jackals (D:5)
  21 kobolds
  6 quokkas
  8 bats
  6 frilled lizards
  8 rats
  A spectral orc (D:5)
162 creatures vanquished.

Vanquished Creatures (others)
  5 fungi (D:8)
  3 plants (D:8)
8 creatures vanquished.

Grand Total: 170 creatures vanquished

Notes
Turn   | Place    | Note
-------+----------+-------------------------------------------
     0 | D:5      | ragingrage the Demonspawn Delver began the quest for the
                  | Orb.
     0 | D:5      | Reached XP level 1. HP: 18/18 MP: 1/1
    87 | D:6      | Gained mutation: You are partially covered in razor-sharp
                  | scales. (AC +1, Slay +1) [demonic ancestry]
    87 | D:6      | Reached XP level 2. HP: 24/24 MP: 2/2
   422 | D:3      | Gained mutation: Spells you cast may paralyse adjacent
                  | enemies. [demonic ancestry]
   422 | D:3      | Reached XP level 3. HP: 17/29 MP: 3/3
   756 | D:3      | Found a burning altar of Makhleb.
   756 | D:3      | Noticed an Executioner
   759 | D:3      | Noticed a hellwing
   759 | D:3      | Noticed a neqoxec
  1049 | D:3      | Reached skill level 1 in Short Blades
  1095 | D:3      | Reached skill level 2 in Short Blades
  1095 | D:3      | Gained mutation: Spells you cast may paralyse nearby
                  | enemies. [demonic ancestry]
  1095 | D:3      | Reached XP level 4. HP: 30/35 MP: 4/4
  1261 | D:2      | Found Aguopyus's Distillery.
  1619 | D:2      | Reached skill level 3 in Short Blades
  1678 | D:2      | Learned a level 2 spell: Static Discharge
  1811 | D:1      | Reached XP level 5. HP: 41/41 MP: 5/5
  3109 | D:3      | Reached skill level 1 in Conjurations
  3492 | D:4      | Reached skill level 1 in Air Magic
  3554 | D:4      | Found Lywnu's Distillery.
  3556 | D:4      | Found Xodi's General Store.
  3560 | D:4      | Found Xeutz's Jewellery Emporium.
  3590 | D:4      | Bought a potion of might for 48 gold pieces
  3590 | D:4      | Bought a scroll of blinking for 90 gold pieces
  3843 | D:4      | Found a broken altar of Ashenzari.
  4042 | D:4      | Noticed Ijyb
  4079 | D:4      | Killed Ijyb
  4110 | D:4      | Noticed a wyvern
  4122 | D:4      | Killed a wyvern
  4123 | D:4      | Gained mutation: You may rarely emit foul miasma when
                  | damaged in melee. [demonic ancestry]
  4123 | D:4      | Reached XP level 6. HP: 47/47 MP: 3/6
  4485 | D:4      | Became a worshipper of Ashenzari the Shackled
  4552 | D:5      | Reached skill level 4 in Short Blades
  4788 | D:5      | Found a staircase to the Ecumenical Temple.
  4840 | Temple   | Entered the Ecumenical Temple
  4895 | D:5      | Gained mutation: Spells you cast and wands you use may
                  | paralyse nearby enemies. [demonic ancestry]
  4895 | D:5      | Reached XP level 7. HP: 48/52 MP: 7/7
  4996 | D:5      | Noticed Eustachio
  5236 | D:5      | Reached skill level 5 in Stealth
  5297 | D:5      | Found a basalt altar of Yredelemnul.
  5904 | D:6      | Noticed Grinder
  5926 | D:6      | Reached skill level 5 in Short Blades
  6040 | D:6      | Gained mutation: You are mostly covered in razor-sharp
                  | scales. (AC +2, Slay +2) [demonic ancestry]
  6040 | D:6      | Reached XP level 8. HP: 55/58 MP: 5/8
  6308 | D:6      | Found an iron altar of Okawaru.
  6682 | D:6      | Reached skill level 6 in Short Blades
  6860 | D:7      | Reached skill level 5 in Conjurations
  7370 | D:7      | Reached * piety under Ashenzari
  7632 | D:7      | Reached skill level 7 in Short Blades
  7676 | D:7      | Reached skill level 1 in Spellcasting
  7804 | D:7      | Found a runed translucent door.
  7805 | D:7      | Noticed Crazy Yiuf
  8059 | D:7      | Noticed Prince Ribbit
  8328 | D:8      | Gained mutation: You sometimes emit foul miasma when
                  | damaged in melee. [demonic ancestry]
  8328 | D:8      | Reached XP level 9. HP: 58/63 MP: 8/11
  8329 | D:8      | Reached skill level 1 in Shields
  8335 | D:8      | Reached ** piety under Ashenzari
  8527 | D:8      | Learned a level 3 spell: Vhi's Electric Charge
  8533 | D:8      | Learned a level 5 spell: Arcjolt
  8581 | D:8      | Reached skill level 1 in Translocations
  8616 | D:8      | Identified a scroll of acquirement
  8693 | D:8      | Acquired a +2 quick blade of venom
  8794 | D:8      | Found a staircase to the Lair.
  9083 | D:9      | Found Xachie's Distillery.
  9083 | D:9      | Noticed a troll
  9092 | D:9      | Killed a troll
  9179 | D:9      | Bought a potion of invisibility for 112 gold pieces
  9186 | D:9      | Noticed a four-headed hydra
  9188 | D:9      | Noticed a two-headed ogre
  9199 | D:9      | Noticed a two-headed ogre
  9205 | D:9      | Identified the +1 longbow of Turmoil {flame, Int+3}
  9213 | D:9      | Slain by a two-headed ogre

Illustrated notes

Levels and vault maps discovered:
D:1:      minmay_arrival_wavy_path, layout_loops_corners, minmay_misc_feat_alley
D:2:      layout_loops_cross, serial_shops, shop_fountains
D:3:      layout_basic, makhleb_altar_promises_db
D:4:      layout_cave_pods, nicolae_ashenzari_panopticon, st_stairs_2,
          minmay_strange_pillars, nicolae_wooded_promenade, grunt_ministairs_12,
          uniq_ijyb
D:5:      layout_basic, yredelemnul_forgotten_temple_becter,
          mainiacjoe_overflow_alcove_4, minmay_temple_entry_sparse_star,
          interstate_on_off, uniq_eustachio
D:6:      layout_basic, marbit_many_paths, uniq_grinder, uniq_pikel
D:7:      layout_basic, uniq_prince_ribbit1, uniq_crazy_yiuf_cottage
D:8:      layout_basic, grunt_lair_entry_orc_guard_hut
D:9:      layout_basic, serial_shops, nicolae_stop_n_shop_1, nrook_mini_vaults,
          minmay_mirror_moons_of_madness
Temple:   nicolae_temple_great_sept

Skill      XL: |  1  2  3  4  5  6  7  8  9 |
---------------+----------------------------+-----
Long Blades    | 2 |  2.9
Dodging        | 2 |  2.0
Short Blades   | 2 3 4 5 7 |  7.7
Conjurations   | 2 4 5 6 |  6.1
Air Magic      | 2 3 4 |  4.8
Stealth        | 5 |  5.0
Spellcasting   | 1 3 |  3.0
Shields        | 2 |  2.0
Translocations | 1 |  1.8
Fighting       | |  3.1

Action                     |  1- 3 |  4- 6 |  7- 9 || total
---------------------------+-------+-------+-------++-------
  Melee: Falchion          |    51 |       |       ||    51
         Dagger            |     9 |   172 |   160 ||   341
         Punch             |       |       |     1 ||     1
         Quick blade       |       |       |    45 ||    45
   Cast: Static Discharge  |       |     5 |    49 ||    54
 Invoke: Curse Item        |       |       |     4 ||     4
    Use: Scroll            |     4 |     6 |     1 ||    11
         Potion            |     1 |       |     1 ||     2
   Stab: Sleeping          |     3 |    24 |     6 ||    33
         Paralysed         |       |     5 |    27 ||    32
         Distracted        |       |     1 |       ||     1
 Armour: Leather armour    |    25 |    35 |    49 ||   109
         Ring mail         |       |    11 |     4 ||    15
  Dodge: Dodged            |    31 |    68 |    96 ||   195
  Block: Buckler           |       |       |     9 ||     9

Table legend: (Time is in decaauts)
 A = Elapsed time spent in this place.
 B = Non-inter-level travel time spent in this place.
 C = Inter-level travel time spent in this place.
 D = Time resting spent in this place.
 E = Time spent auto-exploring this place.
 F = Levels seen in this place.
 G = Mean time per level.
                   A        B        C        D        E       F      G
               +--------+--------+--------+--------+--------+-----+--------+
         Total |   9106 |   8435 |    671 |    761 |   5998 |  10 |  910.6 |
       Dungeon |   9105 |   8434 |    671 |    761 |   5998 |   9 | 1011.7 |
        Temple |      1 |      1 |      0 |      0 |      0 |   1 |    1.0 |
               +--------+--------+--------+--------+--------+-----+--------+

Top non-repeatable levels by time:
     D:3: 1487 daAuts
     D:6: 1443 daAuts
     D:5: 1309 daAuts
     D:4: 1245 daAuts
     D:7: 1075 daAuts
     D:1: 892 daAuts
     D:2: 713 daAuts
     D:8: 622 daAuts
     D:9: 316 daAuts
  Temple: 1 daAuts
